 Dungeon Sprint DCSS version 0.20.1-1-g8b1a95d (webtiles) character file.

7186 suicidejoker the Imperceptible (level 10, -16/44 HPs)
             Began as a Spriggan Enchanter on Sept 5, 2017.
             Was a Believer of Cheibriados.
             Demolished by Harold
             ... wielding a +2 dire flail of distortion
              (17 damage)
             ... in the Dungeon (Sprint III: "The Ten Rune Challenge").
             The game lasted 00:09:59 (1450 turns).

suicidejoker the Imperceptible (Spriggan Enchanter) Turns: 1450, Time: 00:10:00

Health: -16/44     AC:  2    Str: 11    XL:     10   Next: 87%
Magic:  23/27      EV: 33    Int: 21    God:    Cheibriados [**....]
Gold:   6258       SH:  0    Dex: 21    Spells: 25/34 levels left

rFire    . . .     SeeInvis +   a - +1 dagger
rCold    . . .     Gourm    .   (shield restricted)
rNeg     . . .     Faith    .   b - +0 robe
rPois    .         Spirit   .   (helmet restricted)
rElec    .         Reflect  .   (no cloak)
rCorr    .         Harm     .   (gloves unavailable)
MR       +....     NoTele   +   (boots unavailable)
Stlth    ++++++++..             (no amulet)
Regen    0.2/turn               (no ring)
MPRegen  0.2/turn               (no ring)

@: lethally poisoned (-16 -> -32), slowed, very slow
A: unfitting armour, fangs 1, see invisible, deterioration 1, herbivore 3, speed
3, slow metabolism 2, wild magic 1, MP-powered wands
a: Bend Time, Renounce Religion


You were in the Dungeon.
You worshipped Cheibriados.
Cheibriados was pleased with you.
You were not hungry.

You visited 1 branch You collected 6258 gold pieces.

Inventory:

Hand Weapons
 a - a +1 dagger (weapon)
 s - a +0 arbalest
Missiles
 t - 17 bolts
Armour
 b - a +0 robe (worn)
Scrolls
 j - a scroll of blinking
 l - 3 scrolls of identify
 m - 4 scrolls of remove curse
Potions
 e - a potion of curing
 f - 2 potions of heal wounds
 g - a potion of haste
 h - 2 potions of magic
 i - a potion of berserk rage
 o - 4 potions of flight
 p - a potion of might
Books
 c - a book of Maledictions

   Spells                             Type                      Level
   a - Corona                         Hexes                        1
   b - Ensorcelled Hibernation        Hexes/Ice                    2
   c - Confuse                        Hexes                        3
   d - Tukima's Dance                 Hexes                        3
   e - Dazzling Spray                 Conjuration/Hexes            3
 q - a book of Minor Magic

   Spells                             Type                      Level
   a - Magic Dart                     Conjuration                  1
   b - Blink                          Translocation                2
   c - Call Imp                       Summoning                    2
   d - Slow                           Hexes                        2
   e - Conjure Flame                  Conjuration/Fire             3
   f - Mephitic Cloud                 Conjuration/Poison/Air       3
 r - a book of Cantrips

   Spells                             Type                      Level
   a - Confusing Touch                Hexes                        1
   b - Animate Skeleton               Necromancy                   1
   c - Summon Small Mammal            Summoning                    1
   d - Apportation                    Translocation                1
Comestibles
 d - a bread ration
 n - 2 royal jellies


   Skills:
 + Level 11.8 Short Blades
 + Level 1.4 Crossbows
 + Level 15.0 Dodging
 * Level 21.5 Stealth
 + Level 12.8 Spellcasting
 + Level 13.0 Hexes
 + Level 1.4 Invocations


You had 25 spell levels left.
You knew the following spells:

 Your Spells              Type           Power        Failure   Level  Hunger
a - Corona                Hex            ######.      1%          1    None
b - Ensorcelled Hibernat  Hex/Ice        ######       1%          2    None
c - Dazzling Spray        Conj/Hex       ######       2%          3    None
d - Confuse               Hex            ######..     1%          3    None


Dungeon Overview and Level Annotations

Branches:
Dungeon (1/1)

Altars:
Cheibriados
Dithmenos
Elyvilon
Fedhas
Gozag
Hepliaklqana
Kikubaaqudgha
Makhleb
Nemelex Xobeh
Okawaru
Qazlal
Ru
Sif Muna
Trog
Uskayaw
Vehumet
Xom
Yredelemnul
Zin
The Shining One
Beogh
Jiyva
Lugonu

Shops:
D %

Annotations:
D Harold, Joseph


Innate Abilities, Weirdness & Mutations

You are very small and have problems with some larger weapons.
You are too small for most types of armour.
You have supernaturally acute eyesight. (SInv)
You are a herbivore.
You cover ground extremely quickly.
You need consume almost no food.
You have very sharp teeth.
Your body sometimes deteriorates upon taking damage.
Your spells are a little harder to cast, but a little more powerful.
You expend magic power (3 MP) to strengthen your wands.


Message History

The killer bee closely misses you.
Casting: Ensorcelled Hibernation
Confirm with . or Enter, or press ? or * to list all spells.
Aiming: Ensorcelled Hibernation
Press: ? - help, Shift-Dir - straight line, f/p - Harold
Aim: Harold, wielding a dire flail of distortion (chance to defeat MR: 37%) Harold easily resists.
You feel sick. The killer bee stings you.
You are more poisoned.
The killer bee poisons you! The killer bee completely misses you.
Harold hits you with a dire flail of distortion!!
* * * LOW HITPOINT WARNING * * *
Space bends around you.
* * * LOW HITPOINT WARNING * * *
Joseph hits you with a quarterstaff of freezing.
* * * LOW HITPOINT WARNING * * *
Joseph freezes you.
* * * LOW HITPOINT WARNING * * *
The killer bee completely misses you.
Harold hits you with a dire flail of distortion!
You die... ).#§§§#.#.#)).#.#.#.#.# yyyyy #.#§).#...#...##.#.#.## .yyy ▓▓▓▓▓▓▓▓▓▓▓▓▓▓#.#.#.#.# yyy

##.#.#.##
yy
+.#.#.#.#
y
##.#.#.##
##'#####
#.y.+
#.@.#
#@.@#
#####


You could see Harold, Joseph and a killer bee.

Vanquished Creatures
  Josephine (D)
  A centaur warrior (D)
  An orc high priest (D)
  A deep elf knight (D)
  An unseen horror (D)
  An orc knight (D)
  5 deep elf magi (D)
  A shadow (D)
  A spatial vortex (D)
  5 orc warriors (D)
  A necrophage (D)
  2 centaurs (D)
  An earth elemental (D)
  A water elemental (D)
  A scorpion (D)
  A jelly (D)
  2 orc priests (D)
  3 orc wizards (D)
  A wizard (D)
  A necromancer (D)
  3 humans (D)
  A kobold demonologist (D)
  2 oozes (D)
  6 orcs (D)
  2 rats (D)
46 creatures vanquished.

Vanquished Creatures (others)
  2 draconian scorchers (D)
  Nessos (D)
  6 hellions (D)
  2 yaktaurs (D)
11 creatures vanquished.

Grand Total: 57 creatures vanquished

Notes
Turn   | Place    | Note
-------+----------+-------------------------------------------
     0 | D        | suicidejoker the Spriggan Enchanter began the quest for the Orb.
     0 | D        | Reached XP level 1. HP: 9/9 MP: 5/5
     9 | D        | Reached skill level 5 in Stealth
    23 | D        | Reached XP level 2. HP: 13/13 MP: 7/7
    65 | D        | Killed a yaktaur
   108 | D        | Killed a hellion
   154 | D        | Reached skill level 6 in Stealth
   172 | D        | Reached XP level 3. HP: 15/16 MP: 9/9
   205 | D        | Killed a hellion
   205 | D        | Killed a hellion
   210 | D        | Killed a white draconian scorcher
   230 | D        | Killed a hellion
   256 | D        | Killed a hellion
   262 | D        | Killed a hellion
   278 | D        | Learned a level 2 spell: Ensorcelled Hibernation
   282 | D        | Learned a level 3 spell: Dazzling Spray
   286 | D        | Learned a level 3 spell: Confuse
   288 | D        | Noticed a scorpion
   291 | D        | Killed a scorpion
   291 | D        | Reached skill level 5 in Dodging
   291 | D        | Reached skill level 8 in Stealth
   291 | D        | Reached skill level 5 in Hexes
   291 | D        | Reached XP level 4. HP: 21/21 MP: 9/11
   313 | D        | Noticed a water elemental
   316 | D        | Killed a water elemental
   316 | D        | Reached skill level 9 in Stealth
   316 | D        | Reached skill level 5 in Spellcasting
   336 | D        | Gained mutation: You are weak. (Str -2) [potion of mutation]
   336 | D        | Gained mutation: You are resistant to hostile enchantments. (MR+) [potion of mutation]
   337 | D        | Lost mutation: You are weak. (Str -2) [potion of mutation]
   337 | D        | Lost mutation: You are resistant to hostile enchantments. (MR+) [potion of mutation]
   337 | D        | Gained mutation: Your magical capacity is low. (-10% MP) [potion of mutation]
   337 | D        | Gained mutation: You possess an exceptional clarity of mind. [potion of mutation]
   338 | D        | Lost mutation: You possess an exceptional clarity of mind. [potion of mutation]
   338 | D        | Lost mutation: Your magical capacity is low. (-10% MP) [potion of mutation]
   338 | D        | Gained mutation: Your body sometimes deteriorates upon taking damage. [potion of mutation]
   338 | D        | Gained mutation: You have very sharp teeth. [potion of mutation]
   338 | D        | Gained mutation: You expend magic power (3 MP) to strengthen your wands. [potion of mutation]
   338 | D        | Gained mutation: Your spells are a little harder to cast, but a little more powerful. [potion of mutation]
   344 | D        | Found a glowing silver altar of Zin.
   345 | D        | Found a glowing golden altar of the Shining One.
   345 | D        | Found a white marble altar of Elyvilon.
   345 | D        | Noticed a deep elf mage
   347 | D        | Killed a deep elf mage
   347 | D        | Reached skill level 13 in Stealth
   347 | D        | Reached XP level 5. HP: 24/24 MP: 12/16
   347 | D        | Reached XP level 6. HP: 28/28 MP: 12/17
   354 | D        | Found a roughly hewn altar of Beogh.
   354 | D        | Found an iron altar of Okawaru.
   354 | D        | Found a bloodstained altar of Trog.
   354 | D        | Found a hide-covered altar of Uskayaw.
   354 | D        | Noticed a human
   355 | D        | Noticed a human
   357 | D        | Killed a human
   357 | D        | Reached skill level 14 in Stealth
   357 | D        | Reached XP level 7. HP: 32/32 MP: 13/19
   358 | D        | Killed a human
   358 | D        | Reached skill level 10 in Dodging
   369 | D        | Found a basalt altar of Yredelemnul.
   369 | D        | Found a shadowy altar of Dithmenos.
   369 | D        | Found a sacrificial altar of Ru.
   395 | D        | Reached skill level 15 in Stealth
   450 | D        | Killed a white draconian scorcher
   690 | D        | Noticed a shadow
   692 | D        | Killed a shadow
   692 | D        | Reached XP level 8. HP: 36/36 MP: 22/22
   701 | D        | Found a blossoming altar of Fedhas.
   701 | D        | Found a stormy altar of Qazlal.
   702 | D        | Found a snail-covered altar of Cheibriados.
   702 | D        | Found a burning altar of Makhleb.
   702 | D        | Found a hazy altar of Hepliaklqana.
   702 | D        | Found a shimmering altar of Xom.
   702 | D        | Found an opulent altar of Gozag.
   702 | D        | Found a sparkling altar of Nemelex Xobeh.
   702 | D        | Found a corrupted altar of Lugonu.
   702 | D        | Found a viscous altar of Jiyva.
   709 | D        | Became a worshipper of Cheibriados the Contemplative
   718 | D        | Noticed Josephine
   720 | D        | Killed Josephine
   720 | D        | Reached skill level 17 in Stealth
   720 | D        | Reached skill level 10 in Spellcasting
   720 | D        | Reached skill level 10 in Hexes
   743 | D        | Found a radiant altar of Vehumet.
   743 | D        | Found a deep blue altar of Sif Muna.
   743 | D        | Found an ancient bone altar of Kikubaaqudgha.
   747 | D        | Reached XP level 9. HP: 39/39 MP: 24/24
   770 | D        | Found Wicax's Food Boutique.
   770 | D        | Noticed an orc knight
   787 | D        | Killed an orc knight
   787 | D        | Reached skill level 18 in Stealth
   934 | D        | Noticed an orc high priest
   945 | D        | Killed an orc high priest
   945 | D        | Reached skill level 10 in Short Blades
   945 | D        | Reached skill level 19 in Stealth
   946 | D        | Killed a yaktaur
  1176 | D        | Noticed a deep elf knight
  1176 | D        | Noticed a deep elf mage
  1176 | D        | Noticed a deep elf mage
  1176 | D        | Noticed a deep elf mage
  1176 | D        | Noticed a deep elf mage
  1191 | D        | Killed a deep elf mage
  1191 | D        | Reached XP level 10. HP: 44/44 MP: 23/26
  1224 | D        | Killed a deep elf mage
  1226 | D        | Killed Nessos
  1237 | D        | Killed a deep elf mage
  1237 | D        | Reached skill level 20 in Stealth
  1253 | D        | Killed a deep elf knight
  1295 | D        | Killed a deep elf mage
  1334 | D        | Noticed a centaur warrior
  1338 | D        | Reached * piety under Cheibriados
  1339 | D        | Killed a centaur warrior
  1339 | D        | Reached skill level 21 in Stealth
  1437 | D        | Noticed an unseen horror
  1441 | D        | Killed an unseen horror
  1441 | D        | Reached ** piety under Cheibriados
  1441 | D        | Reached skill level 1 in Crossbows
  1441 | D        | Reached skill level 15 in Dodging
  1441 | D        | Reached skill level 1 in Invocations
  1444 | D        | Noticed Harold
  1444 | D        | Noticed Joseph
  1450 | D        | HP: 2/44 [Joseph/quarterstaff of freezing (2)]
  1450 | D        | Demolished by Harold

Skill      XL: |  1  2  3  4  5  6  7  8  9 10 |
---------------+-------------------------------+-----
Stealth        | 5 6 8 13 14 15 17 19 21 | 21.5
Spellcasting   | 3 4 7 8 9 10 11 12 | 12.8
Short Blades   | 2 3 6 7 9 10 11 | 11.8
Hexes          | 4 5 8 9 10 11 13 | 13.0
Dodging        | 4 5 9 10 12 13 15 | 15.0
Crossbows      | 1 |  1.4
Invocations    | 1 |  1.4

Action                   |  1- 3 |  4- 6 |  7- 9 | 10-12 || total
-------------------------+-------+-------+-------+-------++-------
Melee: Dagger            |    24 |     3 |    83 |    11 ||   121
       Bite              |       |       |     6 |       ||     6
 Cast: Ensorcelled Hiber |       |       |    20 |    10 ||    30
       Dazzling Spray    |       |       |     8 |     2 ||    10
  Use: Potion            |     1 |     3 |       |     1 ||     5
       Scroll            |       |     1 |       |     1 ||     2
 Stab: Sleeping          |     2 |     3 |    16 |     7 ||    28
       Invisible         |       |       |     4 |     1 ||     5
       Distracted        |       |       |     3 |       ||     3
Armor: Robe              |     1 |       |     1 |     1 ||     3
Dodge: Dodged            |    15 |       |    52 |    18 ||    85
